 Dungeon Crawl Stone Soup version 0.21.1-1-g345015f (console) character file.

67 fly the Grave Robber (level 4, 0/30 HPs)
             Began as a Demonspawn Necromancer on May 23, 2018.
             Slain by Terence
             ... wielding a +0 hand axe
              (7 damage)
             ... on level 2 of the Dungeon.
             The game lasted 00:02:06 (1964 turns).

fly the Grave Robber (Demonspawn Necromancer)       Turns: 1964, Time: 00:02:07

Health: 0/30       AC:  3    Str:  8    XL:     4   Next: 0%
Magic:  4/8        EV: 12    Int: 18    God:
Gold:   21         SH:  0    Dex: 13    Spells: 8/9 levels left

rFire    . . .     SeeInvis .   a - +6 club
rCold    . . .     Gourm    .   (no shield)
rNeg     . . .     Faith    .   y - +0 robe
rPois    .         Spirit   .   e - +0 helmet
rElec    .         Reflect  .   (no cloak)
rCorr    .         Harm     +   (no gloves)
MR       .....                  (no boots)
Stlth    +++.......             i - amulet of harm
HPRegen  0.10/turn              (no ring)
MPRegen  0.11/turn              (no ring)

@: no status effects
A: nightstalker 1
a: no special abilities


You were on level 2 of the Dungeon.
You were not hungry.

You visited 1 branch of the dungeon, and saw 2 of its levels.

You collected 21 gold pieces.

Inventory:

Hand Weapons
 a - a +6 club (weapon)
Armour
 e - a +0 helmet (worn)
 y - a +0 robe (worn)
Jewellery
 i - an amulet of harm (around neck)
Wands
 h - a wand of digging (13)
Scrolls
 d - 4 scrolls of identify {unknown}
 f - 2 scrolls of teleportation {unknown}
 j - a scroll of magic mapping {unknown}
Potions
 g - 2 potions of might {unknown}
Books
 b - a book of Necromancy

   Spells                             Type                      Level
   a - Pain                           Necromancy                   1
   b - Animate Skeleton               Necromancy                   1
   c - Vampiric Draining              Necromancy                   3
   d - Regeneration                   Charms/Necromancy            3
   e - Animate Dead                   Necromancy                   4
   f - Borgnjor's Vile Clutch         Necromancy/Earth             5
Comestibles
 c - 4 rations


   Skills:
 - Level 1.7 Dodging
 - Level 1.7 Stealth
 - Level 3.0 Spellcasting
 + Level 5.5 Necromancy


You had 8 spell levels left.
You knew the following spells:

 Your Spells              Type           Power        Failure   Level  Hunger
z - Pain                  Necr           ###.         1%          1    None


Dungeon Overview and Level Annotations

Branches:
Dungeon (2/15)

Altars:

Annotations:
D:2 Terence


Innate Abilities, Weirdness & Mutations

You are slightly more attuned to the shadows.


Message History

Casting: Pain
Confirm with . or Enter, or press ? or * to list all spells.
Aiming: Pain
Press: ? - help, Shift-Dir - straight line, f/p - Terence
Aim: Terence, wielding a hand axe and wearing a scale mail (moderately wounded, chance to defeat MR: 87%) Terence barely resists.
Terence hits you with a hand axe.
Casting: Pain
Confirm with . or Enter, or press ? or * to list all spells.
Aiming: Pain
Press: ? - help, Shift-Dir - straight line, f/p - Terence
Aim: Terence, wielding a hand axe and wearing a scale mail (moderately wounded, chance to defeat MR: 87%) Terence writhes in agony!
Terence hits you with a hand axe.
* * * LOW HITPOINT WARNING * * *
Casting: Pain
Confirm with . or Enter, or press ? or * to list all spells.
Aiming: Pain
Press: ? - help, Shift-Dir - straight line, f/p - Terence
Aim: Terence, wielding a hand axe and wearing a scale mail (severely wounded, chance to defeat MR: 87%) Terence writhes in agony!
Terence hits you with a hand axe.
You die...

#.. .# #.. #.# .. # ...
#.#_#.### #..#.....
#........ ##+## #.@#
##...## ##@# ##.....##
#.### # ##.......##
#...##.##
####...>.....####......#
...†.........'.......#.#
####.........####......#
# ##.......## ##.#####
##...>.## .# ##...## .#


You could see Terence.

Vanquished Creatures
  Jessica (D:2)
  An adder (D:2)
  A dart slug (D:1)
  A ball python (D:1)
  3 bats
  3 giant cockroaches (D:1)
  4 goblins (D:1)
  6 hobgoblins (D:1)
  A jackal (D:1)
  A kobold (D:1)
  7 rats
29 creatures vanquished.

Notes
Turn   | Place    | Note
-------+----------+-------------------------------------------
     0 | D:1      | fly the Demonspawn Necromancer began the quest for the Orb.
     0 | D:1      | Reached XP level 1. HP: 13/13 MP: 3/3
   721 | D:1      | Gained mutation: You are slightly more attuned to the shadows. [demonic ancestry]
   721 | D:1      | Reached XP level 2. HP: 18/19 MP: 1/5
  1692 | D:1      | Reached XP level 3. HP: 17/24 MP: 3/7
  1784 | D:2      | Reached skill level 5 in Necromancy
  1881 | D:2      | Noticed Jessica
  1886 | D:2      | Killed Jessica
  1902 | D:2      | Reached XP level 4. HP: 23/30 MP: 4/8
  1952 | D:2      | Found a faded altar of an unknown god.
  1954 | D:2      | Noticed Terence
  1964 | D:2      | Slain by Terence

Skill      XL: |  1  2  3 |
---------------+----------+-----
Spellcasting   | 3 |  3.0
Necromancy     | 5 |  5.5
Dodging        | |  1.7
Stealth        | |  1.7

Action                   |  1- 3 |  4- 6 || total
-------------------------+-------+-------++-------
Melee: Unarmed           |    14 |       ||    14
       Club              |       |     3 ||     3
 Cast: Pain              |    55 |     6 ||    61
  Eat: Chunk             |     3 |       ||     3
Armor: Robe              |     6 |       ||     6
Dodge: Dodged            |    15 |     1 ||    16
